 Dungeon Crawl Stone Soup version 0.25-a0-558-g78a2afb0af (webtiles) character file.

Game seed: 8274574137610153009, levelgen mode: classic

8042 EnegeticOcto the Cleaver (level 11, -1/154 HPs)
             Began as a Deep Dwarf Fighter on Feb 24, 2020.
             Was a Believer of Makhleb.
             Slain by a 17-headed hydra (5 damage)
             ... on level 9 of the Dungeon.
             The game lasted 00:03:57 (4023 turns).

EnegeticOcto the Cleaver (Deep Dwarf Fighter)       Turns: 4023, Time: 00:03:57

Health: -1/154     AC: 19    Str: 24    XL:     11   Next: 4%
Magic:  6/6        EV:  8    Int:  8    God:    Makhleb [**....]
Gold:   207        SH: 12    Dex: 12    Spells: 10/10 levels left

rFire    . . .     SeeInvis .   a - +1 war axe
rCold    . . .     Gourm    .   c - +1 kite shield
rNeg     . . .     Faith    .   l - +0 plate armour
rPois    .         Spirit   .   (no helmet)
rElec    .         Reflect  .   p - scarf {cloud immunity}
rCorr    +         Harm     .   (no gloves)
MR       ++...                  (no boots)
Stlth    ..........             (no amulet)
HPRegen  0.00/turn              o - +6 ring of protection {=R}
MPRegen  0.10/turn              r - ring of resist corrosion

@: berserking (expiring), non-regenerating, very quick
A: damage resistance, heal wounds, magic resistance 1, sense surroundings 2,
wild magic 1, no regeneration
a: Heal Wounds, Minor Destruction, Renounce Religion


You were on level 9 of the Dungeon.
You worshipped Makhleb.
Makhleb was pleased with you.
You were very hungry.

You visited 2 branches of the dungeon, and saw 10 of its levels.

You collected 262 gold pieces.
You spent 55 gold pieces at shops.

Inventory:

Hand Weapons
 a - a +1 war axe (weapon)
Armour
 c - a +1 kite shield (worn)
 l - a +0 plate armour (worn)
 p - a scarf of cloud immunity (worn)
Jewellery
 o - a +6 ring of protection (left hand) {=R}
 r - a ring of resist corrosion (right hand)
Scrolls
 b - a scroll of remove curse {@r6}
 g - 3 scrolls of teleportation {@r2}
 h - 6 scrolls of identify {@r1}
 m - a scroll of magic mapping {@r5}
Potions
 d - a potion of curing {@q1}
 i - a potion of flight
 j - a potion of stabbing {@q5}
 k - a potion of might {@q3}
Comestibles
 e - 20 rations
 f - 22 chunks of flesh


   Skills:
 * Level 8.3 Fighting
 * Level 9.5 Axes
 + Level 7.3 Armour
 + Level 6.3 Dodging
 + Level 7.3 Shields
 * Level 8.7 Invocations


You had 10 spell levels left.
You didn't know any spells.
Your spell library was empty.

Dungeon Overview and Level Annotations

Branches:
Dungeon (9/15)             Temple (1/1) D:5            Lair (0/6) D:9
    Orc: D:9-12

Altars:
Ashenzari
Cheibriados
Dithmenos
Gozag
Makhleb
Okawaru
Ru
Sif Muna
Trog
Wu Jian
Xom
Yredelemnul

Shops:
D:4 ?


Innate Abilities, Weirdness & Mutations

You are resistant to damage.
You can heal yourself by infusing magical energy.
You passively map the area around you.
You do not regenerate.
You are resistant to hostile enchantments. (MR+)
Your spells are a little harder to cast, but a little more powerful.


Message History

You are too injured to fight recklessly!
You are too berserk!
You are too injured to fight recklessly!
You are too injured to fight recklessly!
You are too injured to fight recklessly!
You are too injured to fight recklessly!
You are too injured to fight recklessly!
You are too injured to fight recklessly!
You are too injured to fight recklessly!
You are too injured to fight recklessly!
You are too injured to fight recklessly!
You are too injured to fight recklessly!
You are too injured to fight recklessly!
You chop one of the 11-headed hydra's heads off!
The ten-headed hydra grows two more!
You slice the 12-headed hydra!!
The 12-headed hydra is severely wounded.
You barely miss the 12-headed hydra.
The 12-headed hydra is severely wounded.
You block the 12-headed hydra's attack. The 12-headed hydra bites you. x2
The 12-headed hydra completely misses you.
The 12-headed hydra bites you but does no damage.
You block the 12-headed hydra's attack.
The 12-headed hydra bites you but does no damage. x5
The 12-headed hydra bites you!
You lop one of the 12-headed hydra's heads off!
The 11-headed hydra grows two more!
You slash the 13-headed hydra!
The 13-headed hydra is severely wounded.
The 13-headed hydra bites you but does no damage.
You block the 13-headed hydra's attack. The 13-headed hydra bites you! x2
* * * LOW HITPOINT WARNING * * *
The 13-headed hydra barely misses you. You block the 13-headed hydra's attack.
The 13-headed hydra bites you but does no damage. x2
The 13-headed hydra bites you.
* * * LOW HITPOINT WARNING * * *
The 13-headed hydra bites you but does no damage. x4
You hack one of the 13-headed hydra's heads off!
The 12-headed hydra grows two more!
You slash the 14-headed hydra!
The 14-headed hydra is severely wounded.
The 14-headed hydra bites you.
* * * LOW HITPOINT WARNING * * *
You block the 14-headed hydra's attack. x2
The 14-headed hydra closely misses you. You block the 14-headed hydra's attack.
The 14-headed hydra barely misses you. The 14-headed hydra misses you.
The 14-headed hydra barely misses you. You block the 14-headed hydra's attack.
The 14-headed hydra bites you but does no damage.
You block the 14-headed hydra's attack. x2
The 14-headed hydra bites you but does no damage. x2
You lop one of the 14-headed hydra's heads off!
The 13-headed hydra grows two more!
You slash the 15-headed hydra!
The 15-headed hydra is heavily wounded.
You slash the worker ant! You block the worker ant's attack.
You hack one of the 15-headed hydra's heads off!
The 14-headed hydra grows two more!
You slash the 16-headed hydra!
The 16-headed hydra is severely wounded.
You hit the worker ant.
The howler monkey hoots and howls with incredible vigour!
The worker ant bites you but does no damage.
The 16-headed hydra bites you!
* * * LOW HITPOINT WARNING * * *
You block the 16-headed hydra's attack.
The 16-headed hydra bites you but does no damage.
The 16-headed hydra bites you.
* * * LOW HITPOINT WARNING * * *
The 16-headed hydra bites you.
* * * LOW HITPOINT WARNING * * *
The 16-headed hydra bites you but does no damage.
The 16-headed hydra bites you!
* * * LOW HITPOINT WARNING * * *
You block the 16-headed hydra's attack. The 16-headed hydra barely misses you.
The 16-headed hydra bites you but does no damage. x2
The 16-headed hydra bites you.
* * * LOW HITPOINT WARNING * * *
The 16-headed hydra barely misses you. x2
The 16-headed hydra bites you but does no damage.
The 16-headed hydra bites you.
You hear a bellow!
You lop one of the 16-headed hydra's heads off!
The 15-headed hydra grows two more!
You slash the 17-headed hydra!
The 17-headed hydra is severely wounded.
You slash the worker ant!
You kill the worker ant!
Makhleb accepts your kill.
You feel better.
The 17-headed hydra bites you but does no damage.
The 17-headed hydra bites you!
* * * LOW HITPOINT WARNING * * *
You block the 17-headed hydra's attack. x2
The 17-headed hydra bites you but does no damage.
The 17-headed hydra completely misses you.
The 17-headed hydra bites you!
* * * LOW HITPOINT WARNING * * *
The 17-headed hydra bites you but does no damage.
You block the 17-headed hydra's attack.
The 17-headed hydra bites you but does no damage.
The 17-headed hydra bites you.
* * * LOW HITPOINT WARNING * * *
You block the 17-headed hydra's attack.
The 17-headed hydra bites you but does no damage. x2
The 17-headed hydra barely misses you. The 17-headed hydra bites you!
You die...

.../..>.......# * ,**
,
.............+#...##,,
,
#...........#......##
, *
##.........##.......**
*
###.....####......**,
,+.........# .... , ,
#.........#, ..# , ,
#.........####†# , * ,
* * ###........((.@#
*,* * *
#.........##.D# , , *
, *, #.........#..#S#
*,, , ,
#.........#..#hsc , ,
* * , #............#
r#.. ,,*
############.. #Z # *
, *,,,,,, * ...,*#.,*
, ,, ... ## * , , * ,,
* ,,


You could see a 17-headed hydra, a centaur, a scorpion, a howler monkey, an
adder, a quokka and a quokka skeleton.

Vanquished Creatures
  A catoblepas (D:9)
  A centaur warrior (D:9)
  Pikel (D:6)
  An ugly thing (D:9)
  2 trolls (D:9)
  Grinder (D:6)
  2 hornets (D:8)
  A hippogriff (D:9)
  3 yaks (D:8)
  A hungry ghost (D:8)
  Menkaure (D:7)
  3 wargs (D:9)
  A soldier ant (D:8)
  4 ice beasts
  An orc warrior (D:6)
  3 black bears
  6 ogres
  2 necrophages
  4 centaurs
  4 bullfrogs
  2 scorpions (D:4)
  4 killer bees (D:8)
  2 jellies
  A howler monkey (D:7)
  5 crimson imps
  A quasit (D:8)
  6 hounds
  5 orc priests
  2 gnoll shamans (D:7)
  4 orc wizards
  11 worker ants
  3 hound skeletons
  11 gnolls
  9 adders
  2 shadow imps (D:8)
  2 adder skeletons
  3 worms
  2 dart slugs
  3 leopard geckos
  19 orcs
  A bat (D:1)
  A giant cockroach (D:2)
  2 hobgoblins (D:2)
  7 jackals
  4 kobolds
  8 quokkas
  A ball python (D:4)
  A ball python skeleton (D:4)
  A goblin (D:2)
  A quokka skeleton (D:9)
  A quokka zombie (D:5)
  A rat (D:3)
169 creatures vanquished.

Vanquished Creatures (others)
  An orc (D:4)
  A giant cockroach (D:4)
2 creatures vanquished.

Grand Total: 171 creatures vanquished

Notes
Turn   | Place    | Note
-------+----------+-------------------------------------------
     0 | D:1      | EnegeticOcto the Deep Dwarf Fighter began the quest for the
                  | Orb.
     0 | D:1      | Reached XP level 1. HP: 20/20 MP: 1/1
   117 | D:2      | Reached XP level 2. HP: 25/27 MP: 2/2
   314 | D:3      | Noticed an ice beast
   319 | D:3      | Reached XP level 3. HP: 26/34 MP: 3/3
   322 | D:3      | Reached skill level 3 in Axes
   345 | D:3      | Killed an ice beast
   345 | D:3      | Reached skill level 1 in Dodging
   345 | D:3      | Reached XP level 4. HP: 27/43 MP: 2/2
   384 | D:4      | Noticed an ogre
   395 | D:4      | Killed an ogre
   395 | D:4      | Reached skill level 4 in Axes
   395 | D:4      | Reached XP level 5. HP: 26/50 MP: 3/3
   401 | D:4      | Reached XP level 6. HP: 56/57 MP: 3/3
   405 | D:4      | Found a shimmering altar of Xom.
   593 | D:4      | Reached XP level 7. HP: 52/66 MP: 4/4
   612 | D:4      | Reached skill level 5 in Axes
   717 | D:4      | Found Fueruff's Magic Scroll Shoppe.
   722 | D:4      | Bought a scroll of magic mapping for 35 gold pieces
   722 | D:4      | Bought a scroll of identify for 20 gold pieces
  1080 | D:5      | Entered Level 5 of the Dungeon
  1110 | D:5      | Found a snail-covered altar of Cheibriados.
  1147 | D:5      | Reached skill level 5 in Fighting
  1149 | D:5      | Reached skill level 5 in Shields
  1361 | D:5      | Reached skill level 5 in Armour
  1361 | D:5      | Reached XP level 8. HP: 65/74 MP: 0/3
  1585 | D:5      | Found a staircase to the Ecumenical Temple.
  1592 | Temple   | Entered the Ecumenical Temple
  1628 | Temple   | Became a worshipper of Makhleb the Destroyer
  1717 | D:6      | Reached skill level 6 in Axes
  1717 | D:6      | Reached skill level 1 in Invocations
  1780 | D:6      | Noticed Grinder
  1788 | D:6      | Killed Grinder
  1797 | D:6      | Found a shadowy altar of Dithmenos.
  2305 | D:6      | Noticed Pikel
  2333 | D:6      | Killed Pikel
  2333 | D:6      | Reached skill level 7 in Axes
  2333 | D:6      | Gained mutation: You passively map the area around you.
                  | [Deep Dwarf growth]
  2333 | D:6      | Reached XP level 9. HP: 62/84 MP: 5/7
  2594 | D:7      | Gained mutation: You are resistant to hostile enchantments.
                  | (MR+) [potion of mutation]
  2594 | D:7      | Gained mutation: Your spells are a little harder to cast,
                  | but a little more powerful. [potion of mutation]
  2701 | D:7      | Reached skill level 5 in Invocations
  2772 | D:7      | Noticed Menkaure
  2778 | D:7      | Reached * piety under Makhleb
  2786 | D:7      | Killed Menkaure
  2896 | D:7      | Found a bloodstained altar of Trog.
  2995 | D:8      | Reached skill level 5 in Dodging
  3270 | D:8      | Reached skill level 8 in Axes
  3294 | D:8      | Reached ** piety under Makhleb
  3294 | D:8      | Reached XP level 10. HP: 78/94 MP: 9/9
  3501 | D:8      | Paralysed by a hornet for 3 turns
  3533 | D:8      | Paralysed by a hornet for 1 turns
  3536 | D:8      | Paralysed by a hornet for 3 turns
  3880 | D:9      | Found a staircase to the Lair.
  3928 | D:9      | Reached skill level 9 in Axes
  3933 | D:9      | Noticed a white ugly thing
  3940 | D:9      | Noticed a centaur warrior
  3946 | D:9      | Killed a centaur warrior
  3964 | D:9      | Noticed a catoblepas
  3972 | D:9      | Killed a white ugly thing
  3997 | D:9      | Noticed a four-headed hydra
  4001 | D:9      | Killed a catoblepas
  4001 | D:9      | Reached XP level 11. HP: 81/103 MP: 6/6
  4023 | D:9      | HP: 5/154 [17-headed hydra (5)]
  4023 | D:9      | Slain by a 17-headed hydra

Levels and vault maps discovered:
D:1:      roderic_crossed_star, layout_basic, feat_on_display
D:2:      layout_basic, chequers_ecumenical_altar_twisty, st_stairs_11,
          kennysheep_minor_cross, chequers_jeans, serial_bayou_pond_e,
          lightli_corner_chamber
D:3:      layout_rooms, lemuel_crystal_altar, elyvilon_altar_3, uniq_terence,
          uniq_natasha
D:4:      layout_basic, xom_confusion_cloud, serial_shops, shop_coins,
          minivault_11, minmay_strange_pillars
D:5:      layout_gridville, cheibriados_altar_1, minmay_temple_entry_trees,
          first_ration
D:6:      layout_basic, nicolae_overflow_crystal_walls, uniq_grinder, uniq_pikel
D:7:      layout_basic, trog_ov_bears_minmay, uniq_menkaure, uniq_joseph
D:8:      layout_loops_cross, hangedman_pestilent_swarm
D:9:      minmay_the_grid_octo_2x2 [minmay_the_grid_octo_focus,
          minmay_the_grid_octo_pinwheel, minmay_the_grid_octo_concentric,
          minmay_the_grid_octo_prize_ultimate_mussel_roller], layout_stronghold,
          kennysheep_mini_moat, kennysheep_vampire_church,
          erik_lair_orcish_takeover, fedhas_altar_fruit_tree, uniq_harold
Temple:   nicolae_temple_great_sept

Skill      XL: |  1  2  3  4  5  6  7  8  9 10 |
---------------+-------------------------------+-----
Fighting       | 3 4 5 6 7 8 |  8.3
Axes           | 3 4 5 7 8 9 |  9.5
Dodging        | 1 2 3 4 5 6 |  6.3
Shields        | 4 5 6 7 |  7.3
Armour         | 4 5 6 7 |  7.3
Invocations    | 4 6 8 |  8.7

Action                   |  1- 3 |  4- 6 |  7- 9 | 10-12 || total
-------------------------+-------+-------+-------+-------++-------
Melee: War axe           |   100 |    89 |   397 |   304 ||   890
 Abil: Heal Wounds       |     4 |     8 |    14 |    19 ||    45
  Use: Scroll            |       |       |    11 |     2 ||    13
       Potion            |       |       |     1 |     2 ||     3
  Eat: Chunk             |       |       |     9 |     4 ||    13
Armor: Scale mail        |    52 |    52 |    74 |       ||   178
       Plate armour      |       |       |   155 |   268 ||   423
Dodge: Dodged            |    33 |    52 |   135 |   164 ||   384
Block: Kite shield       |    71 |    79 |   255 |   300 ||   705

Table legend:
 A = Non-vault XP
 B = Vault XP
 C = Vault XP percentage of total XP
 D = Non-vault monster count
 E = Vault monster count
 F = Vault count percentage of total count
                 A         B        C        D         E       F
            +---------+---------+-------+---------+---------+-------
      Total |    5446 |    6043 |  52.6 |     134 |      35 |  20.7
            +---------+---------+-------+---------+---------+-------
        D:1 |      10 |       0 |   0.0 |       4 |       0 |   0.0
        D:2 |      25 |       4 |  13.8 |       7 |       3 |  30.0
        D:3 |     156 |       0 |   0.0 |       4 |       0 |   0.0
        D:4 |     559 |     209 |  27.2 |      17 |       7 |  29.2
        D:5 |     496 |       0 |   0.0 |      14 |       0 |   0.0
        D:6 |     753 |     954 |  55.9 |      21 |       2 |   8.7
        D:7 |     668 |     415 |  38.3 |      25 |       3 |  10.7
        D:8 |    2055 |     703 |  25.5 |      37 |       4 |   9.8
        D:9 |     724 |    3758 |  83.8 |       5 |      16 |  76.2
            +---------+---------+-------+---------+---------+-------
